 Dungeon Crawl Stone Soup version 0.30-a0-1075-gcd70e7a56d (webtiles) character file.

Game seed: 9895017953046228653

21098 123456 the Geomancer (level 12, -2/64 HPs)
             Began as a Gargoyle Earth Elementalist on Apr 14, 2023.
             Was an Initiate of Gozag.
             Slain by a komodo dragon (6 damage)
             ... on level 2 of the Lair of Beasts.
             The game lasted 00:23:05 (13961 turns).

123456 the Geomancer (Gargoyle Earth Elementalist) Turns: 13961, Time: 00:23:05

Health: -2/64      AC: 23    Str:  7    XL:     12   Next: 86%
Magic:  18/26      EV: 13    Int: 36    God:    Gozag
Gold:   518        SH:  0    Dex: 10    Spells: 26/32 levels left

rFire   . . .      SeeInvis .    A - +7 hammer of Rouh {spect, *Slow rElec rPois Int+8}
rCold   . . .      Faith    .    (no shield)
rNeg    + + .      Spirit   .    K - +1 steam dragon scales
rPois   ∞          Reflect  .    E - +2 hat
rElec   +          Rampage  .    a - +1 cloak {Stlth+}
rCorr   .                        l - +1 pair of gloves
Will    +++..                    k - +2 pair of boots
Stlth   ++++                     (no amulet)
HPRegen 0.30/turn                j - ring of the Lily {Fly Will+++ Str-4 Int+6 Stlth-}
MPRegen 0.20/turn                I - ring of positive energy

@: flying
A: sickness immunity, AC +8, negative energy resistance 1, electricity
resistance, torment resistance 1, petrification resistance, talons 1, robust 1
a: Renounce Religion, Potion Petition, Call Merchant, Bribe Branch


You were on level 2 of the Lair of Beasts.
You worshipped Gozag.
Gozag was pleased with you.
You visited 3 branches of the dungeon, and saw 14 of its levels.

You collected 3295 gold pieces.
You spent 770 gold pieces at shops.
You paid 2007 gold pieces to Gozag.

Inventory:

Hand Weapons
 f - a +4 scythe of venom
 A - the +7 hammer of Rouh (weapon) {spect, *Slow rElec rPois Int+8}
   (You found it on level 5 of the Dungeon)

   Int:       It affects your intelligence (+8).
   rElec:     It insulates you from electricity.
   rPois:     It protects you from poison.
   *Slow:     It may slow you when you take damage.
Missiles
 d - 2 throwing nets
Armour
 a - a +1 cloak of stealth (worn)
 k - a +2 pair of boots (worn)
 l - a +1 pair of gloves (worn)
 E - a +2 hat (worn)
 K - +1 steam dragon scales (worn)
Jewellery
 j - the ring of the Lily (left hand) {Fly Will+++ Str-4 Int+6 Stlth-}
   (You bought it in a shop on level 7 of the Dungeon)

   [ring of intelligence]

   Str:       It affects your strength (-4).
   Int:       It affects your intelligence (+6).
   Fly:       It grants you flight.
   Will:      It greatly increases your willpower.
   Stlth:     It makes you less stealthy.
 m - a ring of fire
 v - a ring of flight
 I - a ring of positive energy (right hand)
 L - a ring of protection from fire
 O - a ring of fire
Wands
 n - a wand of polymorph (4)
 t - a wand of flame (10)
 D - a wand of roots (7)
 F - a wand of charming (26)
 M - a wand of mindburst (4)
 N - a wand of digging (7)
Scrolls
 c - 3 scrolls of amnesia
 e - 2 scrolls of identify
 g - 2 scrolls of summoning
 i - 5 scrolls of fog
 p - 3 scrolls of enchant weapon
 q - a scroll of noise
 y - 4 scrolls of vulnerability
 B - 5 scrolls of immolation
 C - a scroll of fear
 G - 2 scrolls of blinking
 H - a scroll of poison {unknown}
 Q - a scroll of teleportation
Potions
 b - 4 potions of lignification {unknown}
 h - 4 potions of haste {unknown}
 o - 2 potions of mutation
 r - 3 potions of resistance {unknown}
 s - 3 potions of curing
 u - a potion of berserk rage {unknown}
 w - a potion of cancellation {unknown}
 x - 3 potions of degeneration {unknown}
 z - a potion of ambrosia {unknown}
 J - 3 potions of attraction {unknown}
 P - 2 potions of flight {unknown}


   Skills:
 - Level 6.3 Dodging
 - Level 9.0 Stealth
 + Level 10.9 Spellcasting
 + Level 9.6 Conjurations
 - Level 0.7 Transmutations
 + Level 14.0 Earth Magic


You had 26 spell levels left.
You knew the following spells:

 Your Spells              Type           Power      Damage    Failure   Level
a - Sandblast             Erth           100%       2d20      0%          1
b - Stone Arrow           Conj/Erth      100%       3d13      1%          3
c - Passwall              Tmut/Erth      53%        N/A       1%          2

Your spell library contained the following spells:

 Spells                   Type           Power      Damage    Failure   Level
 Kiss of Death            Conj/Necr      100%       2d13      1%          1
 Mephitic Cloud           Conj/Pois/Air  42%        N/A       1%          3
 Petrify                  Tmut/Erth      64%        N/A       1%          4
 Poisonous Vapours        Pois/Air       38%        N/A       3%          2
 Confusing Touch          Hex            19%        N/A       6%          3
 Freezing Cloud           Conj/Ice/Air   21%        6-21      16%         5
 Dispel Undead            Necr           19%        3d11      22%         4
 Summon Ice Beast         Ice/Summ       19%        N/A       22%         4
 Summon Forest            Summ/Tloc      9%         N/A       52%         5
 Summon Mana Viper        Hex/Summ       19%        N/A       52%         5
 Eringya's Noxious Bog    Tmut/Pois      11%        N/A       95%         6
 Monstrous Menagerie      Summ           9%         N/A       100%        7
 Summon Hydra             Summ           9%         N/A       100%        7


Dungeon Overview and Level Annotations

Branches:
Dungeon (11/15)            Temple (1/1) D:4            Lair (2/5) D:9
    Orc (0/2) D:9
  Swamp: Lair:2-3    Shoals: Lair:2-3     Snake: Lair:2-3    Spider: Lair:2-3

Altars:
Ashenzari
Cheibriados
Dithmenos
Elyvilon
Fedhas
Gozag
Hepliaklqana
Kikubaaqudgha
Makhleb
Nemelex Xobeh
Okawaru
Qazlal
Ru
Sif Muna
Trog
Uskayaw
Vehumet
Wu Jian
Xom
Yredelemnul
Zin
The Shining One

Shops:
D:7 =   D:11 *


Innate Abilities, Weirdness & Mutations

You are immune to sickness and miasma.
Your stone body is resilient. (AC +8)
You are immune to poison.
You resist negative energy. (rN+)
You are resistant to electric shocks. (rElec)
You are resistant to unholy torment.
You are immune to petrification.
You have sharp toenails.
You are robust. (+10% HP)


Message History

Casting: Sandblast (safe; 0% risk of failure)
Confirm with . or Enter, or press ? or * to list all spells.
Aiming: Stone Arrow (safe; 1% risk of failure)
Press: ? - help, Shift-Dir - straight line, f - polar bear, p - komodo dragon
Aim: a polar bear (84% to hit)
The stone arrow hits the polar bear!
The polar bear is moderately wounded.
The four-headed hydra roars!
The blink frog blinks!
The blink frog barely misses you.
The polar bear bites you but does no damage.
The polar bear claws you. The polar bear closely misses you.
The komodo dragon bites you!
Casting: Stone Arrow (safe; 1% risk of failure)
Confirm with . or Enter, or press ? or * to list all spells.
Aiming: Stone Arrow (safe; 1% risk of failure)
Press: ? - help, Shift-Dir - straight line, f/p - polar bear
Aim: a polar bear (moderately wounded, 84% to hit)
The stone arrow hits the polar bear!
The polar bear is heavily wounded.
The blink frog closely misses you. The komodo dragon barely misses you.
A cane toad comes into view.
The blink frog hits you.
The blink frog blinks!
The polar bear misses you. The polar bear completely misses you.
The polar bear barely misses you. The komodo dragon bites you!
* * * LOW HITPOINT WARNING * * *
You feel better. The komodo dragon closely misses you.
The polar bear closely misses you. x2
The polar bear claws you but does no damage.
The komodo dragon bites you!
* * * LOW HITPOINT WARNING * * *
You feel better. The komodo dragon bites you!
* * * LOW HITPOINT WARNING * * *
The polar bear closely misses you. The polar bear claws you.
* * * LOW HITPOINT WARNING * * *
The polar bear closely misses you. The komodo dragon closely misses you.
You feel better.
The blink frog blinks!
The komodo dragon bites you!
* * * LOW HITPOINT WARNING * * *
The komodo dragon bites you.
You die...
Your body crumbles into a pile of gold.

.........F..... #
.#.?.... ......# #.
....... ....F..
P..##....##..§...#
#.............D...#
.................#
#..........l.....#
#........l@.......
#.........h.......
#.................
#.................
#....<............
#.#....##........#
#...#..##........#
#.♣#?...#F.......+
♣ ....P


You could see a four-headed hydra, a polar bear, 2 komodo dragons, a cane toad
(wandering) and 2 blink frogs.

Vanquished Creatures
  Snorg (D:11)
  A catoblepas (Lair:1)
  3 two-headed ogres (D:11)
  Nergalle (D:11)
  Lodul (D:10)
  A cyclops (D:9)
  An elephant (D:9)
  2 ugly things
  A gargoyle (D:10)
  A cane toad (Lair:1)
  An unseen horror (D:9)
  Maggie (D:9)
  A kobold demonologist (D:10)
  Psyche (D:11)
  A rime drake (Lair:1)
  3 komodo dragons
  A troll (D:11)
  A hornet (D:9)
  4 blink frogs (Lair:1)
  Sigmund (D:5)
  2 shadows
  19 yaks
  A basilisk (D:9)
  3 wyverns
  Grum (Lair:1)
  10 vampire mosquitoes
  A steam dragon (D:10)
  3 water moccasins
  4 acid dragons
  An ice beast (D:6)
  An orc warrior (D:9)
  4 sky beasts
  3 black bears
  2 wolves (Lair:1)
  6 ogres (D:10)
  2 centaurs
  Blork the orc (D:6)
  6 kobold brigands
  A phantom (D:5)
  9 bullfrogs
  2 scorpions
  A gnoll sergeant (D:8)
  6 wights
  21 killer bees
  2 lava snakes (D:10)
  5 howler monkeys
  9 hounds
  A gnoll bouda (D:5)
  Crazy Yiuf (D:5)
  7 orc priests
  A sleepcap (D:5)
  6 iguanas
  12 orc wizards
  13 gnolls
  13 adders
  A shadow imp (D:8)
  4 white imps
  2 ufetubi
  2 worms
  2 dart slugs
  33 orcs
  7 ball pythons
  11 endoplasms
  5 giant cockroaches
  8 goblins
  2 hobgoblins
  A quokka (D:1)
  8 bats
  5 frilled lizards
  28 kobolds
  4 rats
331 creatures vanquished.

Vanquished Creatures (others)
  An orc wizard (D:5)
  4 fungi (Lair:1)
  6 plants
11 creatures vanquished.

Grand Total: 342 creatures vanquished

Notes
Turn   | Place    | Note
-------+----------+-------------------------------------------
     0 | D:1      | 123456 the Gargoyle Earth Elementalist began the quest for
                  | the Orb.
     0 | D:1      | Reached XP level 1. HP: 10/10 MP: 3/3
   126 | D:1      | Reached XP level 2. HP: 13/15 MP: 0/5
   328 | D:1      | Reached skill level 4 in Earth Magic
   461 | D:1      | Reached XP level 3. HP: 19/19 MP: 4/6
   465 | D:1      | Learned a level 3 spell: Stone Arrow
  1211 | D:2      | Reached XP level 4. HP: 22/24 MP: 2/8
  1317 | D:2      | Learned a level 2 spell: Passwall
  1683 | D:3      | Found a faded altar of an unknown god.
  1775 | D:3      | Reached skill level 1 in Conjurations
  1826 | D:3      | Reached XP level 5. HP: 14/28 MP: 0/9
  2345 | D:3      | Reached skill level 5 in Earth Magic
  2958 | D:4      | Found a bloodstained altar of Trog.
  2959 | D:4      | Found a white marble altar of Elyvilon.
  2997 | D:4      | Reached XP level 6. HP: 32/32 MP: 7/11
  3066 | D:4      | Found a staircase to the Ecumenical Temple.
  3078 | Temple   | Entered the Ecumenical Temple
  3103 | Temple   | Became a worshipper of Gozag Ym Sagoz the Greedy
  3552 | D:5      | Entered Level 5 of the Dungeon
  3616 | D:5      | Found a burning altar of Makhleb.
  3695 | D:5      | Noticed Sigmund
  3699 | D:5      | Killed Sigmund
  3700 | D:5      | Reached skill level 6 in Earth Magic
  3700 | D:5      | Reached XP level 7. HP: 36/36 MP: 5/13
  4064 | D:5      | Gained mutation: You are partially covered in iridescent
                  | scales. (AC +2) [potion of mutation]
  4064 | D:5      | Gained mutation: You are strong-willed. (Will+) [potion of
                  | mutation]
  4279 | D:5      | Lost mutation: You are strong-willed. (Will+) [potion of
                  | mutation]
  4279 | D:5      | Lost mutation: You are partially covered in iridescent
                  | scales. (AC +2) [potion of mutation]
  4279 | D:5      | Gained mutation: You have a pair of small horns on your
                  | head. [potion of mutation]
  4279 | D:5      | Gained mutation: You expend magic power (3 MP) to
                  | strengthen your wands. [potion of mutation]
  4279 | D:5      | Gained mutation: You have hidden genetic defects. [potion
                  | of mutation]
  4292 | D:5      | Lost mutation: You have hidden genetic defects. [potion of
                  | mutation]
  4292 | D:5      | Lost mutation: You expend magic power (3 MP) to strengthen
                  | your wands. [potion of mutation]
  4292 | D:5      | Lost mutation: You have a pair of small horns on your head.
                  | [potion of mutation]
  4292 | D:5      | Gained mutation: Your mind is acute. (Int +4, Str/Dex -1)
                  | [potion of mutation]
  4292 | D:5      | Gained mutation: You are somewhat resistant to further
                  | mutation. [potion of mutation]
  4293 | D:5      | Lost mutation: Your mind is acute. (Int +4, Str/Dex -1)
                  | [potion of mutation]
  4293 | D:5      | Lost mutation: You are somewhat resistant to further
                  | mutation. [potion of mutation]
  4293 | D:5      | Gained mutation: You are robust. (+10% HP) [potion of
                  | mutation]
  4293 | D:5      | Gained mutation: You have sharp toenails. [potion of
                  | mutation]
  4341 | D:5      | Reached XP level 8. HP: 38/45 MP: 8/15
  4564 | D:5      | Reached skill level 5 in Spellcasting
  4581 | D:5      | Found a large runed translucent door.
  4584 | D:5      | Found a large runed translucent door.
  4589 | D:5      | Found a shimmering altar of Xom.
  4617 | D:5      | Reached skill level 7 in Earth Magic
  5009 | D:5      | Identified the +7 hammer of Rouh {spect, *Slow rElec rPois
                  | Int+8}
  5013 | D:5      | Found a runed translucent door.
  5014 | D:5      | Noticed Crazy Yiuf
  5019 | D:5      | Killed Crazy Yiuf
  5410 | D:6      | Reached skill level 5 in Stealth
  5783 | D:6      | Noticed Blork the orc
  5791 | D:6      | Killed Blork the orc
  5792 | D:6      | Reached skill level 8 in Earth Magic
  5884 | D:6      | Reached XP level 9. HP: 32/49 MP: 11/17
  6673 | D:7      | Noticed a brown ugly thing
  6740 | D:7      | Reached skill level 9 in Earth Magic
  6787 | D:7      | Killed a brown ugly thing
  6788 | D:7      | Reached skill level 5 in Conjurations
  7143 | D:7      | Reached XP level 10. HP: 55/55 MP: 18/20
  7710 | D:8      | Found a shimmering blue altar of Sif Muna.
  7740 | D:8      | Reached skill level 10 in Earth Magic
  8133 | D:8      | Found a radiant altar of Vehumet.
  8134 | D:8      | Found a broken altar of Ashenzari.
  8421 | D:9      | Noticed Maggie
  8425 | D:9      | Killed Maggie
  8525 | D:9      | Noticed a cyclops
  8527 | D:9      | Reached skill level 5 in Dodging
  8535 | D:9      | Killed a cyclops
  8714 | D:7      | Bought the ring of the Lily {Fly Will+++ Str-4 Int+6
                  | Stlth-} for 633 gold pieces
  8858 | D:9      | Reached skill level 11 in Earth Magic
  8959 | D:9      | Reached XP level 11. HP: 59/59 MP: 17/23
  9083 | D:9      | Found a staircase to the Lair.
  9665 | D:9      | Found a staircase to the Orcish Mines.
  9726 | D:10     | Entered Level 10 of the Dungeon
 10699 | D:10     | Found an ornate altar of the Wu Jian Council.
 10827 | D:10     | Noticed Lodul
 10837 | D:10     | Killed Lodul
 10838 | D:10     | Reached skill level 12 in Earth Magic
 11354 | D:11     | Noticed Psyche
 11360 | D:11     | Killed Psyche
 11593 | D:11     | Noticed a two-headed ogre
 11596 | D:11     | Killed a two-headed ogre
 11659 | D:11     | Noticed Snorg
 11662 | D:11     | Noticed Nergalle
 11669 | D:11     | Noticed a two-headed ogre
 11763 | D:11     | Noticed a spectral orc warlord
 11771 | D:11     | Killed Nergalle
 11772 | D:11     | Reached XP level 12. HP: 17/64 MP: 19/25
 11808 | D:11     | Noticed a two-headed ogre
 11830 | D:11     | Killed Snorg
 11944 | D:11     | Killed a two-headed ogre
 11947 | D:11     | Killed a two-headed ogre
 11948 | D:11     | Reached skill level 10 in Spellcasting
 11948 | D:11     | Reached skill level 13 in Earth Magic
 12620 | D:11     | Bought a puce potion for 30 gold pieces
 12620 | D:11     | Bought a sapphire potion for 30 gold pieces
 12620 | D:11     | Bought a sapphire potion for 30 gold pieces
 12620 | D:11     | Bought a wand of flame (2) for 47 gold pieces
 12695 | Lair:1   | Entered Level 1 of the Lair of Beasts
 12958 | Lair:1   | Noticed Grum
 12966 | Lair:1   | Killed Grum
 12972 | Lair:1   | Noticed a catoblepas
 13003 | Lair:1   | Killed a catoblepas
 13539 | Lair:1   | Reached skill level 14 in Earth Magic
 13956 | Lair:2   | Noticed a four-headed hydra
 13961 | Lair:2   | Slain by a komodo dragon

Illustrated notes

Levels and vault maps discovered:
D:1:      dpeg_arrival_shrine, layout_basic
D:2:      layout_rooms
D:3:      minmay_spotlight, layout_loops_ring,
          shapermc_ecumenical_altar_flowoftime, minmay_fountain_box,
          dk_vineyard_1
D:4:      layout_gridville, nicolae_overflow_squiral,
          minmay_temple_entry_slanted, nicolae_nh_ransacked_shop
D:5:      due_chaos_kobolds, layout_rooms, makhleb_heckhound_becter,
          cheibrodos_gnoll_hut, uniq_crazy_yiuf_cottage, uniq_sigmund
D:6:      layout_basic, amcnicky_mini_pool_medium, uniq_blork_the_orc
D:7:      layout_basic
D:8:      layout_loops_ring, mainiacjoe_overflow_big_doors, tgw_sif
D:9:      layout_loops_ring, david_lair_generic, orc_0_dummy, uniq_maggie
D:10:     layout_basic, mainiacjoe_overflow_alcove_1, kennysheep_dice,
          uniq_lodul
D:11:     layout_basic, uniq_nergalle, uniq_psyche, uniq_snorg
Temple:   hellmonk_temple_two_chambers
Lair:1:   layout_regular_city, uniq_grum
Lair:2:   layout_regular_city, elwin_shoals_entry_stream,
          nicolae_snake_entry_squirm, nicolae_volcano_entry_s_turn,
          lemuel_fruit_fields, serial_bayou_shore_a

Skill      XL: |  1  2  3  4  5  6  7  8  9 10 11 12 |
---------------+-------------------------------------+-----
Earth Magic    | 4 5 6 8 9 11 12 14 | 14.0
Dodging        | 2 3 4 5 6 |  6.3
Conjurations   | 1 2 3 4 5 6 7 9 |  9.6
Spellcasting   | 3 4 5 7 8 9 10 | 10.9
Stealth        | 3 4 5 6 7 8 9 |  9.0
Transmutations | |  0.7

Action                     |  1- 3 |  4- 6 |  7- 9 | 10-12 || total
---------------------------+-------+-------+-------+-------++-------
  Melee: Short sword       |    23 |     5 |       |       ||    28
         Halberd           |       |       |    32 |       ||    32
         Mace              |       |       |    21 |    20 ||    41
         Punch             |       |       |     1 |       ||     1
   Cast: Sandblast         |    49 |    65 |    97 |   271 ||   482
         Stone Arrow       |       |     5 |    29 |    87 ||   121
 Invoke: Call Merchant     |       |       |       |     2 ||     2
         Potion Petition   |       |       |       |     2 ||     2
  Evoke: Wand              |       |       |     3 |       ||     3
    Use: Scroll            |       |     2 |       |    15 ||    17
         Potion            |       |       |     7 |     9 ||    16
   Stab: Distracted        |       |       |     1 |     2 ||     3
         Sleeping          |       |       |     1 |       ||     1
 Armour: Robe              |    19 |    25 |    77 |    13 ||   134
         Steam dragon scal |       |       |       |   157 ||   157
  Dodge: Dodged            |    38 |    51 |    94 |   241 ||   424

Table legend: (Time is in decaauts)
 A = Elapsed time spent in this place.
 B = Non-inter-level travel time spent in this place.
 C = Inter-level travel time spent in this place.
 D = Time resting spent in this place.
 E = Time spent auto-exploring this place.
 F = Levels seen in this place.
 G = Mean time per level.
                   A        B        C        D        E       F      G
               +--------+--------+--------+--------+--------+-----+--------+
         Total |  14251 |  13769 |    482 |   1437 |  10100 |  14 | 1017.9 |
       Dungeon |  12905 |  12452 |    453 |   1323 |   9177 |  11 | 1173.2 |
        Temple |     34 |     34 |      0 |      0 |     10 |   1 |   34.0 |
          Lair |   1311 |   1283 |     28 |    114 |    913 |   2 |  655.5 |
               +--------+--------+--------+--------+--------+-----+--------+

Top non-repeatable levels by time:
     D:5: 2317 daAuts
    D:10: 1662 daAuts
    D:11: 1336 daAuts
  Lair:1: 1294 daAuts
     D:3: 1216 daAuts
     D:9: 1214 daAuts
     D:8: 1080 daAuts
     D:6: 902 daAuts
     D:2: 846 daAuts
     D:7: 814 daAuts
     D:1: 799 daAuts
     D:4: 714 daAuts
  Temple: 34 daAuts
  Lair:2: 16 daAuts
